 Dungeon Crawl Stone Soup version 0.30-a0-913-g9934a0ce24 (webtiles) character file.

Game seed: 11391421997009920598

1391 DeathPants the Cutter (level 8, 0/42 HPs)
             Began as a Vine Stalker Brigand on Mar 19, 2023.
             Slain by a vampire (6 damage)
             ... on level 6 of the Dungeon.
             The game lasted 00:18:34 (5588 turns).

DeathPants the Cutter (Vine Stalker Brigand)        Turns: 5588, Time: 00:18:34

Health: 0/42       AC:  7    Str: 14    XL:     8   Next: 68%
Magic:  0/9        EV: 12    Int: 11    God:
Gold:   331        SH:  0    Dex: 18    Spells: 7/7 levels left

rFire   + . .      SeeInvis .    a - +2 dagger (vamp)
rCold   . . .      Faith    .    (no shield)
rNeg    . . .      Spirit   +    g - +1 leather armour {rPois}
rPois   +          Reflect  .    (no helmet)
rElec   .          Rampage  .    i - +2 cloak
rCorr   .                        (no gloves)
Will    +....                    (no boots)
Stlth   +++                      (no amulet)
HPRegen 1.07/turn                j - ring of protection from fire
MPRegen 0.11/turn                q - ring of flight

@: flying, invisible
A: fangs 3, regeneration 1, magic shield, antimagic bite, no potion heal 2
a: no special abilities


You were on level 6 of the Dungeon.
You visited 2 branches of the dungeon, and saw 7 of its levels.

You collected 331 gold pieces.

Inventory:

Hand Weapons
 a - a +2 vampiric dagger (weapon)
 A - a +2 dagger
Missiles
 d - 10 poisoned darts (quivered)
 t - a throwing net
Armour
 g - a +1 leather armour of poison resistance (worn)
 i - a +2 cloak (worn)
Jewellery
 c - a +6 ring of intelligence
 j - a ring of protection from fire (left hand)
 q - a ring of flight (right hand)
Wands
 b - a wand of charming (11)
 z - a wand of roots (10)
 B - a wand of flame (16)
Scrolls
 h - a scroll of amnesia
 k - 2 scrolls of teleportation
 r - a scroll of poison
 s - 2 scrolls of magic mapping
 u - a scroll of immolation
 v - a scroll of fog
 y - a scroll of fear
Potions
 f - 2 potions of mutation
 l - 3 potions of curing
 m - 2 potions of attraction
 n - 2 potions of ambrosia {unknown}
 o - 2 potions of invisibility
 p - 3 potions of might {unknown}
 w - a potion of magic {unknown}


   Skills:
 + Level 4.8 Fighting
 * Level 6.4 Short Blades
 + Level 4.8 Throwing
 - Level 1.9 Dodging
 - Level 5.7 Stealth


You had 7 spell levels left.
You didn't know any spells.
Your spell library contained the following spells:

 Spells                   Type           Power      Damage    Failure   Level
 Summon Small Mammal      Summ           0%         N/A       41%         1
 Call Canine Familiar     Summ           0%         N/A       80%         3
 Dazzling Flash           Conj/Hex       0%         N/A       80%         3
 Summon Guardian Golem    Hex/Summ       0%         N/A       80%         3
 Agony                    Necr           0%         N/A       100%        5
 Silence                  Hex/Air        0%         N/A       100%        5


Dungeon Overview and Level Annotations

Branches:
Dungeon (6/15)             Temple (1/1) D:5

Altars:
Ashenzari
Dithmenos
Elyvilon
Hepliaklqana
Kikubaaqudgha
Makhleb
Nemelex Xobeh
Okawaru
Qazlal
Ru
Sif Muna
Trog
Uskayaw
Vehumet
Wu Jian
Xom
Yredelemnul
Zin
The Shining One


Innate Abilities, Weirdness & Mutations

You have razor-sharp teeth.
Your natural rate of healing is unusually fast.
When hurt, damage is shared between your health and your magic reserves.
Your bite disrupts and absorbs the magic of your enemies.
Potions cannot restore your health.


Message History

Okay, then.
You closely miss the vampire. You bite the vampire, but do no damage.
The vampire hits you! The vampire bites you.
The vampire draws strength from your injuries!
An orc priest comes into view. It is wielding a +0 dagger.
You hit the vampire but do no damage. You hit the vampire but do no damage.
Your bite misses the vampire. The vampire hits you! The vampire bites you.
The vampire draws strength from your injuries!
You barely miss the vampire. The vampire hits you. The vampire bites you!
* * * LOW HITPOINT WARNING * * *
The vampire draws strength from your injuries!
You barely miss the vampire. You hit the vampire but do no damage.
You punch the vampire, but do no damage.
You bite the vampire.
The vampire's magic leaks into the air.
You drain its magic.
You feel invigorated.
The vampire is lightly damaged.
The vampire barely misses you. x2
An orc comes into view. It is wielding a +0 hand axe.
You barely miss the vampire. Your bite misses the vampire.
The vampire is lightly damaged.
The vampire gestures wildly while chanting.
The vampire flickers and vanishes!
Deactivating autopickup; reactivate with Ctrl-A.
An orc comes into view. It is wielding a +0 whip.
It was a potion of invisibility.
You fade into invisibility!
You hear some strange, mumbled words.
Something tries to affect you, but you resist.
You hit something. You bite something. You hit something but do no damage.
Something hits you!
* * * LOW HITPOINT WARNING * * *
Something bites you.
* * * LOW HITPOINT WARNING * * *
Something draws strength from your injuries!
An orc comes into view.
It is wielding a +0 club and quivering silver boomerangs.
The orc priest invokes the aid of Beogh against something.
Something hits you!
You die...

##########
##........# ####
#...#####@#
...#####...^.....#
.......#.#.#####o#
................h#
...........#####o#
................o.
...........#####((
............. o.##
...........### #.#


You could see a hound, an orc priest (wandering, unable to see you) and 3 orcs.

Vanquished Creatures
  A water moccasin (D:5)
  4 black bears
  A phantom (D:5)
  A scorpion (D:4)
  A bullfrog (D:6)
  4 killer bees (D:4)
  3 hounds
  A jelly (D:5)
  3 orc priests (D:5)
  Terence (D:2)
  An iguana (D:6)
  A sleepcap (D:5)
  An orc wizard (D:5)
  3 gnolls
  10 adders
  A white imp (D:5)
  3 worms
  2 dart slugs (D:3)
  8 orcs
  5 bats
  6 endoplasms
  8 giant cockroaches
  16 goblins
  5 hobgoblins
  7 jackals
  6 kobolds
  5 quokkas
  9 ball pythons
  A frilled lizard (D:2)
  9 rats
127 creatures vanquished.

Notes
Turn   | Place    | Note
-------+----------+-------------------------------------------
     0 | D:1      | DeathPants the Vine Stalker Brigand began the quest for the
                  | Orb.
     0 | D:1      | Reached XP level 1. HP: 11/11 MP: 2/2
   143 | D:1      | Reached skill level 1 in Dodging
   143 | D:1      | Reached XP level 2. HP: 14/15 MP: 3/3
   145 | D:1      | Reached skill level 5 in Stealth
   160 | D:1      | Reached skill level 2 in Short Blades
   344 | D:1      | Reached XP level 3. HP: 18/18 MP: 4/4
   969 | D:2      | Noticed Terence
   975 | D:2      | Killed Terence
   976 | D:2      | Gained mutation: Your natural rate of healing is unusually
                  | fast. [Vine Stalker growth]
   976 | D:2      | Reached XP level 4. HP: 23/23 MP: 5/5
  1007 | D:2      | You fall into a shaft and drop 1 floor!
  1359 | D:2      | Reached XP level 5. HP: 26/27 MP: 4/6
  1726 | D:3      | Found a faded altar of an unknown god.
  1748 | D:3      | Found a basalt altar of Yredelemnul.
  1898 | D:4      | Noticed a black bear
  2749 | D:5      | Entered Level 5 of the Dungeon
  3000 | D:3      | Reached skill level 3 in Short Blades
  3250 | D:4      | Reached XP level 6. HP: 19/32 MP: 3/7
  3433 | D:4      | Killed a black bear
  3480 | D:4      | Noticed a black bear
  3493 | D:4      | Killed a black bear
  3494 | D:4      | Reached skill level 4 in Short Blades
  3494 | D:4      | Reached XP level 7. HP: 36/36 MP: 8/8
  3828 | D:4      | HP: 1/37 [killer bee (4)]
  4215 | D:5      | Reached skill level 5 in Short Blades
  4442 | D:5      | Gained mutation: You have razor-sharp teeth. [Vine Stalker
                  | growth]
  4442 | D:5      | Reached XP level 8. HP: 42/42 MP: 9/9
  4484 | D:5      | Found a staircase to the Ecumenical Temple.
  4509 | Temple   | Entered the Ecumenical Temple
  5078 | D:5      | Found a hazy altar of Hepliaklqana.
  5079 | D:5      | Found a glowing silver altar of Zin.
  5290 | D:5      | Reached skill level 6 in Short Blades
  5321 | D:5      | Found a white marble altar of Elyvilon.
  5568 | D:6      | Noticed a vampire
  5588 | D:6      | Slain by a vampire

Illustrated notes

Levels and vault maps discovered:
D:1:      dpeg_arrival_tiny_d, layout_rooms, minmay_ruptured
D:2:      layout_loops_ring, minmay_misc_feat_doors, uniq_terence
D:3:      layout_basic, yredelemnul_altar_generic,
          shapermc_ecumenical_altar_venn
D:4:      wad_river_or_something, layout_cave_pools,
          minmay_misc_feat_nine_boxes, serial_bayou_lagoon_a
D:5:      layout_basic, marbit_many_paths, gammafunk_temple_overflow_pools,
          minmay_temple_entry_antechambers
D:6:      minmay_spotlight, layout_cave_pods, minmay_misc_feat_rows,
          minmay_crystal_water
Temple:   regret_index_temple_generic_petals

Skill      XL: |  1  2  3  4  5  6  7  8 |
---------------+-------------------------+-----
Dodging        | 1 |  1.9
Stealth        | 5 |  5.7
Fighting       | 2 3 4 |  4.8
Short Blades   | 2 3 4 5 6 |  6.4
Throwing       | 2 3 4 |  4.8

Action                     |  1- 3 |  4- 6 |  7- 9 || total
---------------------------+-------+-------+-------++-------
  Melee: Dagger            |   103 |   165 |   149 ||   417
         Bite              |    18 |    51 |    42 ||   111
         Punch             |       |     3 |     1 ||     4
  Throw: Dart              |       |    16 |    20 ||    36
         Throwing net      |       |     1 |       ||     1
    Use: Scroll            |       |    10 |     6 ||    16
         Potion            |       |       |     2 ||     2
   Stab: Sleeping          |     8 |    11 |     9 ||    28
         Distracted        |       |       |     1 ||     1
 Armour: Robe              |    28 |    21 |       ||    49
         Leather armour    |       |    31 |    44 ||    75
  Dodge: Dodged            |    60 |    82 |    65 ||   207

Table legend: (Time is in decaauts)
 A = Elapsed time spent in this place.
 B = Non-inter-level travel time spent in this place.
 C = Inter-level travel time spent in this place.
 D = Time resting spent in this place.
 E = Time spent auto-exploring this place.
 F = Levels seen in this place.
 G = Mean time per level.
                   A        B        C        D        E       F      G
               +--------+--------+--------+--------+--------+-----+--------+
         Total |   5514 |   5305 |    209 |    396 |   3450 |   7 |  787.7 |
       Dungeon |   5269 |   5081 |    188 |    396 |   3231 |   6 |  878.2 |
        Temple |    244 |    223 |     21 |      0 |    219 |   1 |  244.0 |
               +--------+--------+--------+--------+--------+-----+--------+

Top non-repeatable levels by time:
     D:3: 1479 daAuts
     D:4: 1059 daAuts
     D:5: 985 daAuts
     D:1: 822 daAuts
     D:2: 661 daAuts
     D:6: 262 daAuts
  Temple: 244 daAuts
